 Dungeon Crawl Stone Soup version 0.28-a0-503-g83f2989fac (webtiles) character file.

Game seed: 11474528738541512027

88139 SkeletonJelly the Severer (level 15, -29/148 HPs)
             Began as a Deep Dwarf Fighter on Sept 21, 2021.
             Was the Champion of Makhleb.
             Killed from afar by a hellephant (86 damage)
             ... with a blast of flame
             ... on level 3 of the Abyss.
             The game lasted 00:39:14 (15763 turns).

SkeletonJelly the Severer (Deep Dwarf Fighter)     Turns: 15763, Time: 00:39:15

Health: -29/148    AC: 31    Str: 31    XL:     15   Next: 45%
Magic:  6/6        EV:  9    Int:  7    God:    Makhleb [******]
Gold:   1497       SH:  5    Dex: 12    Spells: 14/14 levels left

rFire   x . .      SeeInvis .   a - +4 war axe (flame)
rCold   . . .      Faith    +   c - +0 buckler
rNeg    + . .      Spirit   .   w - +0 crystal plate armour
rPois   .          Reflect  .   l - +0 helmet
rElec   .          Harm     .   M - +1 cloak
rCorr   +          Rampage  .   Y - +1 pair of gloves {archery}
Will    +++..                   y - +0 pair of boots
Stlth   ..........              n - amulet of faith
HPRegen 0.00/turn               X - ring of the Sky {rF- rCorr Str+8 Int-3 Stlth+}
MPRegen 0.10/turn               H - ring of willpower

@: no status effects
A: damage resistance, heal wounds, negative energy resistance 1, sense
surroundings 2, no regeneration, [weak 1]
a: Heal Wounds, Renounce Religion, Minor Destruction, Lesser Servant of Makhleb,
Major Destruction, Greater Servant of Makhleb


You were on level 3 of the Abyss.
You worshipped Makhleb.
Makhleb was exalted by your worship.
You visited 4 branches of the dungeon, and saw 20 of its levels.
You visited the Abyss 1 time.

You collected 1654 gold pieces.
You spent 157 gold pieces at shops.

Inventory:

Hand Weapons
 a - a +4 war axe of flaming (weapon)
 r - a +0 broad axe
 J - the +8 mace of Disorder {vorpal, Int+4}
   (You found it on level 7 of the Dungeon)

   It inflicts extra damage upon your enemies.
   Int:       It affects your intelligence (+4).
Missiles
 d - 30 poisoned darts (quivered)
 A - 4 throwing nets
 G - 2 javelins
 S - a curare-tipped dart
 Z - 3 silver javelins
Armour
 c - a +0 buckler (worn)
 l - a +0 helmet (worn)
 w - a +0 crystal plate armour (worn)
 y - a +0 pair of boots (worn)
 M - a +1 cloak (worn)
 O - a +2 plate armour of poison resistance
 Y - a +1 pair of gloves of archery (worn)
Jewellery
 n - an amulet of faith (around neck)
 H - a ring of willpower (right hand)
 N - an amulet of reflection
 X - the ring of the Sky (left hand) {rF- rCorr Str+8 Int-3 Stlth+}
   (You found it on level 6 of the Lair of Beasts)

   [ring of resist corrosion]

   Str:       It affects your strength (+8).
   Int:       It affects your intelligence (-3).
   rF:        It makes you vulnerable to fire.
   rCorr:     It protects you from acid and corrosion.
   Stlth:     It makes you more stealthy.
Wands
 o - a wand of mindburst (26)
 u - a wand of polymorph (6)
 L - a wand of charming (12)
 Q - a wand of iceblast (25)
 T - a wand of flame (82)
 V - a wand of acid (8)
Scrolls
 b - 2 scrolls of enchant weapon
 g - 3 scrolls of vulnerability
 h - a scroll of torment
 i - 3 scrolls of teleportation
 j - 15 scrolls of identify
 k - a scroll of silence
 q - a scroll of amnesia {unknown}
 s - a scroll of fear
 v - a scroll of enchant armour
 D - 4 scrolls of blinking
 K - a scroll of summoning
 R - a scroll of fog
Potions
 e - 2 potions of flight
 f - a potion of lignification {unknown}
 m - 2 potions of degeneration {unknown}
 p - 10 potions of curing {unknown}
 x - 7 potions of cancellation {unknown}
 z - 7 potions of ambrosia {unknown}
 B - 3 potions of heal wounds {unknown}
 C - a potion of brilliance {unknown}
 F - 2 potions of haste {unknown}
 I - 2 potions of attraction {unknown}
 P - 2 potions of magic {unknown}
 U - 3 potions of berserk rage {unknown}
 W - a potion of resistance {unknown}
Miscellaneous
 t - a lightning rod (4/4)
 E - a phantom mirror


   Skills:
 + Level 13.6 Fighting
 - Level 16.0 Axes
 + Level 14.5 Armour
 - Level 6.0 Dodging
 - Level 4.0 Shields
 + Level 13.7 Invocations
 - Level 4.0 Evocations


You had 14 spell levels left.
You didn't know any spells.
Your spell library contained the following spells:

 Spells                   Type           Power      Damage    Failure   Level
 Apportation              Tloc           0%         N/A       100%        1
 Sandblast                Erth           0%         2d4       100%        1
 Sting                    Tmut/Pois      0%         1d3       100%        1
 Ensorcelled Hibernation  Hex/Ice        0%         N/A       100%        2
 Passwall                 Tmut/Erth      0%         N/A       100%        2
 Poisonous Vapours        Pois/Air       0%         N/A       100%        2
 Slow                     Hex            0%         N/A       100%        2
 Call Canine Familiar     Summ           0%         N/A       100%        3
 Confusing Touch          Hex            0%         N/A       100%        3
 Gell's Gravitas          Tloc           0%         N/A       100%        3
 Lesser Beckoning         Tloc           0%         N/A       100%        3
 Portal Projectile        Hex/Tloc       0%         N/A       100%        3
 Spider Form              Tmut/Pois      0%         N/A       100%        3
 Stone Arrow              Conj/Erth      0%         3d7       100%        3
 Teleport Other           Tloc           0%         N/A       100%        3
 Tukima's Dance           Hex            0%         N/A       100%        3
 Vampiric Draining        Necr           0%         2d6       100%        3
 Airstrike                Air            0%         N/A       100%        4
 Leda's Liquefaction      Hex/Erth       0%         N/A       100%        4
 Olgreb's Toxic Radiance  Pois           0%         N/A       100%        4
 Passage of Golubria      Tloc           N/A        N/A       100%        4
 Summon Lightning Spire   Summ/Air       0%         N/A       100%        4
 Alistair's Intoxication  Tmut/Pois      0%         N/A       100%        5
 Lightning Bolt           Conj/Air       0%         1d11      100%        5
 Yara's Violent Unravell  Hex/Tmut       0%         3d3       100%        5
 Invisibility             Hex            0%         N/A       100%        6


Dungeon Overview and Level Annotations

Branches:
Dungeon (11/15)            Temple (1/1) D:6            Lair (6/6) D:11
 Shoals (0/4) Lair:3        Slime (0/5) Lair:6          Orc (2/2) D:10
    Elf (0/3) Orc:2
  Snake: Lair:2-4    Spider: Lair:2-4

Altars:
Ashenzari
Cheibriados
Dithmenos
Elyvilon
Fedhas
Gozag
Hepliaklqana
Kikubaaqudgha
Makhleb
Nemelex Xobeh
Okawaru
Qazlal
Ru
Sif Muna
Trog
Uskayaw
Vehumet
Wu Jian
Xom
Yredelemnul
Zin
The Shining One
Jiyva

Shops:
D:11 [   Orc:2 ?(!(

Annotations:
D:6 4 runed translucent doors
D:7 2 transporters, sleeves's ghost, novice DsBr
D:9 3 runed translucent doors, johnstein's ghost, journeyman GnFi
Lair:2 exclusion: oklob plant
Lair:3 3 runed translucent doors, CougarLife's ghost, journeyman TrFi
Lair:5 exclusion: oklob plant
Lair:6 1 runed translucent door
Orc:1 Sonja


Innate Abilities, Weirdness & Mutations

You are resistant to damage.
You can heal yourself by infusing magical energy.
You resist negative energy. (rN+)
You passively map the area around you.
You do not regenerate.
[You are weak. (Str -2)]


Message History

The large abomination is destroyed!
Makhleb accepts your kill.
You feel the corruption within you wane somewhat.
You feel stronger.
There is a gateway leading deeper into the Abyss here.
You plunge deeper into the Abyss.
The abyssal rune of Zot can be found at this depth.
Found a lumpy coppery potion.
Found a gateway leading deeper into the Abyss.
Found a scroll of identify.
There is a gateway leading deeper into the Abyss here.
Found a scythe.
A spatial vortex comes into view.
A spatial vortex comes into view.
The dire elephant trumpets!
You hear a roar!
You see here a lumpy coppery potion.
p - 10 lumpy coppery potions (gained 1)
A spatial vortex comes into view.
A smoke demon comes into view.
The smoke demon roars!
You slice the smoke demon!! You burn the smoke demon.
The smoke demon is heavily wounded.
The smoke demon closely misses you.
The smoke demon hits you but does no damage.
You block the smoke demon's attack.
You slash the smoke demon!
The smoke demon is almost dead.
You slash the smoke demon!
You kill the smoke demon!
Makhleb accepts your kill.
You feel better.
You regained 5 hp, and now have 51/148 hp.
j - 15 scrolls of identify (gained 1)
You feel much better.
You regained 24 hp, and now have 75/148 hp.
You feel much better.
You regained 23 hp, and now have 98/148 hp.
Found a hand axe.
You slash the spatial vortex! You burn the spatial vortex.
The spatial vortex is moderately damaged.
A purple draconian shifter comes into view.
It is wielding a +0 short sword.
The purple draconian shifter roars!
You hear a trumpeting!
A hellephant comes into view.
The hellephant trumpets!
The purple draconian shifter mumbles some strange words.
The purple draconian shifter blinks!
Blink to where?
Press: ? - help, Dir - move target
As you read the scroll of blinking, it crumbles to dust.
The dire elephant closely misses you.
The dire elephant trunk-slaps you but does no damage.
You open the door. 2 elephants, 3 spatial vortices, a draconian shifter and a spatial maelstrom come into view.
The black draconian shifter roars!
The hellephant trumpets!
The dire elephant trumpets!
Found an abyssal rune of Zot.
Found a corrupted altar of Lugonu.
A demon appears!
The spatial vortex hits your Executioner but does no damage.
The black draconian shifter gestures wildly while chanting.
The black draconian shifter blinks!
The dire elephant tramples you!!
You stumble backwards!
A spatial vortex comes into view.
The spatial maelstrom hits you but does no damage.
The spatial maelstrom hits you! Space bends around you.
You take 29 damage, and have 69/148 hp.
A demon appears!
The spatial maelstrom hits you!
You wobble for a moment.
The spatial maelstrom hits you!
You blink.
An elephant comes into view.
Your Executioner hits the dire elephant but does no damage.
Your Executioner hits the dire elephant!
Your Executioner hits the dire elephant.
The black draconian shifter hits you with a +0 short sword!
* * * LOW HITPOINT WARNING * * *
An elephant comes into view.
The spatial vortex closely misses your cacodemon.
The purple draconian shifter mumbles some strange words.
The purple draconian shifter blinks!
The dire elephant misses your Executioner.
The dire elephant trunk-slaps your Executioner but does no damage.
Your Executioner gestures.
Your Executioner seems to speed up.
A spatial vortex comes into view.
You take 29 damage, and have 40/148 hp.
You feel much better.
The elephant trumpets!
Your Executioner hits the dire elephant!
Your Executioner hits the dire elephant but does no damage.
Your Executioner hits the dire elephant.
The spatial vortex hits your cacodemon!
Your cacodemon blinks!
Your Executioner hits the dire elephant but does no damage. x3
The black draconian shifter casts a spell at you.
You blink.
The dire elephant barely misses your Executioner.
The dire elephant trunk-slaps your Executioner but does no damage.
The hellephant breathes flames at you. The blast of flame hits you!!!!
The fire burns you terribly!
Ouch! That really hurt!
You die... # ###§≈≈..§. . .≈ ≈≈≈§§≈..##..
YYv

§§v≈§≈.....
..§≈≈≈§§§.... ###
##§§≈2§≈§.... .
#.v..##Y.≈§§§..... .
#vv.Y§YY1§≈≈..v..# .
#.v§8##..q§≈...... #
#### #§@≈§§≈.....###
§8Y.§.§§≈§≈≈.#.....
.# §...§≈§§§§≈§#....
.....
§.≈≈§§§≈§§.....#... #
######§§≈§.§...###.##
# §≈§≈≈≈..≈...q >....
. §§§.≈.§v§..........
. ##.#..#.§..#....
...
##.....#..........


You could see a hellephant (catching breath), 3 dire elephants, a black
draconian shifter, 2 spatial vortices, a friendly cacodemon (summoned) and a
friendly Executioner (summoned, fast).

Vanquished Creatures
  5 hydras
  4 ogre magi (Orc:2)
  A boulder beetle (Lair:2)
  6 two-headed ogres
  12 death yaks
  A wretched star (Abyss:2)
  A sixfirhy (Abyss:2)
  A fire crab (Lair:5)
  A goliath frog (Lair:6)
  An orc knight (Orc:2)
  2 ugly things
  An orc sorcerer (Orc:2)
  2 manticores
  Maurice (Orc:1)
  10 elephants
  A smoke demon (Abyss:3)
  2 torpor snails
  11 black mambas
  27 cane toads
  8 komodo dragons
  5 rime drakes
  An unseen horror (D:9)
  3 polar bears
  3 trolls
  Prince Ribbit (D:7)
  A queen bee (Lair:3)
  3 tyrant leeches (Lair:6)
  A large abomination (Abyss:2)
  A hornet (D:9)
  38 blink frogs
  A vampire (D:11)
  A shadow (D:10)
  81 yaks
  A wraith (D:10)
  4 wyverns
  4 vampire mosquitoes (Lair:6)
  6 basilisks
  A warg (Orc:1)
  22 water moccasins
  An acid dragon (D:6)
  A hornet zombie (D:8)
  8 orc warriors
  2 black bears
  4 sky beasts
  29 ogres
  2 ice beasts
  2 necrophages
  6 wolves
  5 centaurs
  3 phantoms
  27 bullfrogs
  A kobold brigand (D:9)
  3 scorpions
  30 killer bees
  3 electric eels
  7 wights
  5 howler monkeys
  9 centaur zombies
  A crimson imp (D:10)
  A quasit (Abyss:2)
  7 orc priests
  2 centaur skeletons (D:7)
  A human zombie (D:10)
  2 bullfrog skeletons (D:6)
  2 jellies
  2 hell rats (Lair:2)
  4 iguanas
  13 orc wizards
  A killer bee zombie (D:6)
  2 mummies (D:10)
  5 adders
  3 gnolls (D:4)
  A river rat (Lair:3)
  A white imp (D:5)
  2 ufetubi
  4 worms
  5 dart slugs
  48 orcs
  8 endoplasms
  3 giant cockroaches
  11 goblins
  3 hobgoblins
  7 jackals (D:1)
  2 quokkas
  11 ball pythons
  8 bats
  4 frilled lizards
  9 kobolds
  11 rats
608 creatures vanquished.

Vanquished Creatures (collateral kills)
  A hydra (Lair:2)
  5 two-headed ogres (Orc:2)
  An orc high priest (Orc:1)
  An orc knight (Orc:2)
  An orc sorcerer (Orc:2)
  A cyclops (Orc:2)
  A large abomination (Abyss:2)
  A komodo dragon (Lair:1)
  A wyvern (Lair:3)
  2 yaks
  A warg (Orc:1)
  6 orc warriors
  2 ogres
  A killer bee (Lair:3)
  An electric eel (Lair:6)
  2 orc priests (Orc:1)
  2 orc wizards (Orc:1)
  5 orcs
35 creatures vanquished.

Vanquished Creatures (others)
  A blink frog (Lair:5)
  36 fungi
  91 plants
128 creatures vanquished.

Grand Total: 771 creatures vanquished

Notes
Turn   | Place    | Note
-------+----------+-------------------------------------------
     0 | D:1      | SkeletonJelly the Deep Dwarf Fighter began the quest for
                  | the Orb.
     0 | D:1      | Reached XP level 1. HP: 20/20 MP: 1/1
   159 | D:1      | Reached XP level 2. HP: 24/27 MP: 2/2
   369 | D:1      | Reached XP level 3. HP: 34/34 MP: 3/3
   394 | D:1      | Reached skill level 3 in Axes
   826 | D:2      | Reached XP level 4. HP: 30/42 MP: 4/4
  1359 | D:3      | Found a white marble altar of Elyvilon.
  1463 | D:3      | Noticed a necrophage
  1476 | D:3      | Killed a necrophage
  1477 | D:3      | Reached skill level 4 in Axes
  1477 | D:3      | Reached XP level 5. HP: 33/50 MP: 5/5
  1608 | D:3      | You fall into a shaft and drop 1 floor!
  1612 | D:5      | Entered Level 5 of the Dungeon
  1618 | D:5      | Noticed an ogre
  1627 | D:5      | Killed an ogre
  1628 | D:5      | Reached XP level 6. HP: 26/58 MP: 6/6
  1727 | D:5      | Reached skill level 5 in Axes
  1973 | D:3      | Reached XP level 7. HP: 54/66 MP: 6/6
  2350 | D:4      | Reached skill level 5 in Fighting
  2372 | D:4      | Reached skill level 5 in Armour
  2421 | D:4      | Reached skill level 6 in Axes
  2586 | D:4      | Found a shimmering blue altar of Sif Muna.
  3080 | D:5      | Reached XP level 8. HP: 50/76 MP: 5/5
  3559 | D:6      | Found a large runed translucent door.
  3560 | D:6      | Found a large runed translucent door.
  3571 | D:6      | Reached skill level 7 in Axes
  3597 | D:6      | Noticed a manticore
  3629 | D:6      | Killed a manticore
  3630 | D:6      | Reached skill level 8 in Axes
  3704 | D:6      | Found a large runed translucent door.
  3704 | D:6      | Found a large runed translucent door.
  3717 | D:6      | Found a staircase to the Ecumenical Temple.
  3734 | Temple   | Entered the Ecumenical Temple
  3744 | D:6      | Gained mutation: You passively map the area around you.
                  | [Deep Dwarf growth]
  3744 | D:6      | Reached XP level 9. HP: 72/86 MP: 3/3
  4311 | D:6      | Identified the +6 arbalest of Cax Rao {vorpal, rC+}
  4449 | D:7      | Reached skill level 9 in Axes
  4474 | D:7      | Noticed a moth of wrath
  4475 | D:7      | Noticed Prince Ribbit
  4517 | D:7      | Killed Prince Ribbit
  4533 | D:7      | Found a bloodstained altar of Trog.
  4565 | D:7      | Identified the +8 mace of Disorder {vorpal, Int+4}
  4616 | D:7      | Found a transporter.
  4638 | D:7      | You fall into a shaft and drop 1 floor!
  4692 | D:8      | Found a hide-covered altar of Uskayaw.
  4863 | D:7      | Found a transporter.
  4945 | D:7      | Noticed sleeves's ghost (novice DsBr)
  5373 | D:8      | Reached skill level 10 in Axes
  5424 | D:8      | Reached XP level 10. HP: 57/96 MP: 2/2
  5956 | D:9      | Found a runed translucent gate.
  5956 | D:9      | Found a runed translucent gate.
  5956 | D:9      | Found a runed translucent gate.
  5956 | D:9      | Noticed a stone giant
  5956 | D:9      | Noticed johnstein's ghost (journeyman GnFi)
  6030 | D:9      | Reached skill level 1 in Evocations
  6507 | D:9      | Noticed a manticore
  6518 | D:9      | Killed a manticore
  6547 | D:9      | Noticed a purple ugly thing
  6555 | D:9      | Killed a purple ugly thing
  6569 | D:9      | Reached skill level 11 in Axes
  6701 | D:10     | Entered Level 10 of the Dungeon
  7067 | D:10     | Found a staircase to the Orcish Mines.
  7095 | D:10     | Noticed a two-headed ogre
  7113 | D:10     | Killed a two-headed ogre
  7114 | D:10     | Reached XP level 11. HP: 32/108 MP: 3/3
  7166 | D:10     | Found a burning altar of Makhleb.
  7190 | D:10     | Found a radiant altar of Vehumet.
  7283 | D:10     | Became a worshipper of Makhleb the Destroyer
  7573 | D:10     | Reached skill level 1 in Invocations
  7615 | D:10     | Reached skill level 10 in Fighting
  7670 | D:10     | Reached skill level 12 in Axes
  7670 | D:10     | Found an ancient bone altar of Kikubaaqudgha.
  7765 | D:11     | Noticed a purple ugly thing
  7784 | D:11     | Killed a purple ugly thing
  7810 | D:11     | Found a staircase to the Lair.
  7936 | D:11     | Noticed a two-headed ogre
  7947 | D:11     | Killed a two-headed ogre
  7997 | D:11     | Reached skill level 10 in Armour
  8049 | D:11     | Reached * piety under Makhleb
  8120 | D:11     | Found Lyadex's Antique Armour Emporium.
  8130 | D:11     | Bought a pair of glowing gloves for 157 gold pieces
  8503 | Lair:1   | Entered Level 1 of the Lair of Beasts
  8698 | Lair:1   | Reached skill level 5 in Invocations
  8704 | Lair:1   | Reached skill level 13 in Axes
  9020 | Lair:1   | Reached XP level 12. HP: 53/117 MP: 6/6
  9332 | Lair:2   | Noticed an eight-headed hydra
  9338 | Lair:2   | Killed a seven-headed hydra
  9407 | Lair:2   | Reached ** piety under Makhleb
  9576 | Lair:2   | Noticed a boulder beetle
  9587 | Lair:2   | Killed a boulder beetle
  9645 | Lair:2   | Reached skill level 14 in Axes
  9672 | Lair:2   | Noticed a six-headed hydra
  9676 | Lair:2   | Noticed a death yak
  9685 | Lair:2   | Killed a three-headed hydra
  9691 | Lair:2   | Killed a death yak
 10098 | Lair:2   | Reached *** piety under Makhleb
 10271 | Lair:3   | Found a staircase to the Shoals.
 10273 | Lair:3   | Found a runed translucent gate.
 10273 | Lair:3   | Found a runed translucent gate.
 10273 | Lair:3   | Found a runed translucent gate.
 10290 | Lair:3   | Reached XP level 13. HP: 88/127 MP: 6/6
 10525 | Lair:3   | Reached **** piety under Makhleb
 10529 | Lair:3   | Reached skill level 15 in Axes
 11124 | Lair:3   | Found a viscous altar of Jiyva.
 11124 | Lair:3   | Noticed CougarLife's ghost (journeyman TrFi)
 11125 | Lair:3   | Noticed a quicksilver ooze
 11609 | Lair:4   | Reached ***** piety under Makhleb
 12214 | Lair:4   | Reached skill level 10 in Invocations
 12357 | Lair:5   | Reached skill level 16 in Axes
 12408 | Lair:5   | Gained mutation: You resist negative energy. (rN+) [Deep
                  | Dwarf growth]
 12408 | Lair:5   | Reached XP level 14. HP: 111/138 MP: 6/6
 12911 | Lair:5   | Reached ****** piety under Makhleb
 13282 | Lair:6   | Entered Level 6 of the Lair of Beasts
 13310 | Lair:6   | Reached skill level 1 in Dodging
 14074 | Lair:6   | Identified the +2 war axe of Vad Itye {vorpal, *Noise
                  | Str+4}
 14098 | Lair:6   | Identified the ring of the Sky {rF- rCorr Str+8 Int-3
                  | Stlth+}
 14155 | Lair:6   | Found a runed translucent door.
 14182 | Lair:6   | Found a viscous altar of Jiyva.
 14182 | Lair:6   | Noticed an acid blob
 14184 | Lair:6   | Found a staircase to the Slime Pits.
 14471 | Orc:1    | Entered Level 1 of the Orcish Mines
 14477 | Orc:1    | Noticed Maurice
 14488 | Orc:1    | Killed Maurice
 14584 | Orc:1    | Found a burning altar of Makhleb.
 14599 | Orc:1    | Reached skill level 5 in Dodging
 14613 | Orc:1    | Reached XP level 15. HP: 113/147 MP: 5/5
 14837 | Orc:2    | Entered Level 2 of the Orcish Mines
 14959 | Orc:2    | Found a staircase to the Elven Halls.
 15333 | Orc:2    | Found Erchet's Weapon Shoppe.
 15333 | Orc:2    | Found Ociek's Weapon Boutique.
 15334 | Orc:2    | Found Jeasojo's Magic Scroll Shop.
 15334 | Orc:2    | Found Qicut's Distillery.
 15647 | Orc:1    | Noticed Sonja
 15658 | Orc:1    | Cast into level 2 of the Abyss (Sonja)
 15757 | Abyss:3  | Noticed a hellephant
 15760 | Abyss:3  | Found a corrupted altar of Lugonu.
 15760 | Abyss:3  | Noticed a black draconian shifter
 15760 | Abyss:3  | Noticed a hellephant
 15763 | Abyss:3  | Killed from afar by a hellephant

Illustrated notes

Levels and vault maps discovered:
D:1:      dpeg_arrival_shelter, layout_loops_cross
D:2:      layout_basic
D:3:      layout_loops_ring, mainiacjoe_overflow_brackets, st_stairs_9
D:4:      layout_basic, lemuel_blue_sif_altar, minmay_quantized
D:5:      layout_basic
D:6:      layout_loops_cross, minmay_temple_entry_waves,
          minmay_hollow_rounded_squares
D:7:      layout_layer_cave, tgw_trog, gammafunk_ghost_berserking_beasts,
          hangedman_decor_riveting, st_stairs_9, uniq_prince_ribbit1
D:8:      layout_cave_pods, mainiacjoe_overflow_six_doors_small
D:9:      layout_roguey, gammafunk_ghost_split
D:10:     layout_long_grid, grunt_temple_overflow_lords_of_destruction,
          lemuel_mausoleum_altar_kikubaaqudgha, orc_0_dummy
D:11:     layout_roguey, lair_entry_dummy, serial_shops, shop
Temple:   nicolae_temple_no_exploring_needed
Lair:1:   layout_regular_city, grunt_megastairs_3
Lair:2:   nzn_winding_woodlands_huge [nzn_winding_woodlands_5x15_sidewinder,
          nzn_winding_woodlands_5x15_cabin, nzn_winding_woodlands_5x15_pockets,
          nzn_winding_woodlands_5x15_concentric,
          nzn_winding_woodlands_5x15_pathside_ponds,
          nzn_winding_woodlands_5x15_parted, nzn_winding_woodlands_5x15_garden,
          nzn_winding_woodlands_5x15_jagged, nzn_winding_woodlands_5x15_pool,
          nzn_winding_woodlands_5x15_lazy_stream,
          nzn_winding_woodlands_center_lodge,
          nzn_winding_woodlands_center_pierced_h,
          nzn_winding_woodlands_15x15_thick_spiral], layout_cave_shapes,
          minmay_lair_oklob_bushes
Lair:3:   regret_index_bee_streams, layout_big_grid, elwin_shoals_entry_rocks,
          gammafunk_ghost_ooze
Lair:4:   layout_loops_ring, chequers_serial_rivers_micro_c
Lair:5:   layout_regular_city, beast_lair_carwin_11, serial_bayou_shore_a
Lair:6:   minmay_lair_end_frog_pond, layout_gridlike, slime_altar_2,
          serial_bayou_lake_a
Orc:1:    nicolae_orc_accident_2, layout_caves, basic_altar, mines2_lemuel,
          uniq_sonja, uniq_maurice, uniq_urug
Orc:2:    st_orc_ogre_mass, layout_diamond_mine, special_room,
          nicolae_orc_bridge_out
Abyss:3:  base: D:14, evilmike_abyss_rune_elephants_shrine

Skill      XL: |  1  2  3  4  5  6  7  8  9 10 11 12 13 14 15 |
---------------+----------------------------------------------+-----
Fighting       | 3 4 5 7 8 9 10 11 12 13 | 13.6
Axes           | 3 4 5 6 8 10 11 13 14 16 | 16.0
Armour         | 4 5 6 7 9 10 11 12 13 14 | 14.5
Shields        | 4 |  4.0
Evocations     | 4 |  4.0
Invocations    | 5 8 10 12 13 | 13.7
Dodging        | 5 6 |  6.0

Action                   |  1- 3 |  4- 6 |  7- 9 | 10-12 | 13-15 || total
-------------------------+-------+-------+-------+-------+-------++-------
Melee: War axe           |   126 |   120 |   379 |   684 |   977 ||  2286
Throw: Dart              |       |       |    15 |    12 |     1 ||    28
Invok: Lesser Servant of |       |       |       |       |     4 ||     4
       Greater Servant o |       |       |       |       |     6 ||     6
 Abil: Heal Wounds       |     1 |     5 |    26 |    19 |    16 ||    67
Evoke: Phantom mirror    |       |       |     1 |     2 |     1 ||     4
       Lightning rod     |       |       |       |     4 |       ||     4
       Wand              |       |       |       |     1 |     2 ||     3
  Use: Scroll            |       |       |       |    14 |     5 ||    19
       Potion            |       |       |       |     2 |       ||     2
 Stab: Distracted        |       |       |       |     1 |     2 ||     3
Armor: Scale mail        |    80 |    61 |    17 |       |       ||   158
       Plate armour      |       |       |   120 |   434 |   527 ||  1081
       Crystal plate arm |       |       |   104 |    13 |    81 ||   198
Dodge: Dodged            |    72 |    73 |   107 |   196 |   308 ||   756
Block: Buckler           |    45 |    30 |    86 |   220 |   187 ||   568
       Reflection        |       |       |       |     1 |       ||     1

Table legend: (Time is in decaauts)
 A = Elapsed time spent in this place.
 B = Non-inter-level travel time spent in this place.
 C = Inter-level travel time spent in this place.
 D = Time resting spent in this place.
 E = Time spent auto-exploring this place.
 F = Levels seen in this place.
 G = Mean time per level.
                   A        B        C        D        E       F      G
               +--------+--------+--------+--------+--------+-----+--------+
         Total |  15609 |  14697 |    912 |     42 |  10641 |  22 |  709.5 |
       Dungeon |   8648 |   8112 |    536 |      0 |   5938 |  11 |  786.2 |
        Temple |      1 |      1 |      0 |      0 |      0 |   1 |    1.0 |
          Lair |   5706 |   5371 |    335 |     42 |   3847 |   6 |  951.0 |
  Orcish Mines |   1147 |   1106 |     41 |      0 |    849 |   2 |  573.5 |
         Abyss |    105 |    105 |      0 |      0 |      7 |   2 |   52.5 |
               +--------+--------+--------+--------+--------+-----+--------+

Top non-repeatable levels by time:
  Lair:3: 1182 daAuts
    D:10: 1027 daAuts
  Lair:6: 999 daAuts
  Lair:2: 996 daAuts
  Lair:5: 946 daAuts
     D:6: 880 daAuts
     D:8: 862 daAuts
     D:5: 856 daAuts
    D:11: 806 daAuts
  Lair:1: 804 daAuts
     D:9: 801 daAuts
  Lair:4: 777 daAuts
   Orc:2: 772 daAuts
     D:2: 760 daAuts
     D:4: 734 daAuts
